 Dungeon Sprint DCSS version 0.17-a0-1714-g35622ae (webtiles) character file.

27274 patman the Spry (level 13, 0/139 HPs)
             Began as a Naga Assassin on Aug 23, 2015.
             Was the Champion of Cheibriados.
             Slain by a demonic crawler (12 damage)
             ... in the Dungeon (Sprint IX: "|||||||||||||||||||||||||||||").
             The game lasted 00:13:53 (3393 turns).

patman the Spry (Naga Assassin)                     Turns: 3393, Time: 00:13:53

Health: 0/139      AC: -2    Str: 29    XL:     13   Next: 31%
Magic:  24/24      EV: 27    Int: 26    God:    Cheibriados [******]
Gold:   1796       SH:  0    Dex: 33    Spells: 0 memorised, 12 levels left

rFire  + . .     SeeInvis +     H - +7 demon blade of Integrity {freeze, rN+}
rCold  . . .     Clarity  .     d - +2 plate armour {rF+}
rNeg   + . .     SustAt   .     (no shield)
rPois  +         Gourm    .     E - +0 helmet
rElec  .         Spirit   .     L - +1 cloak
rCorr  .         Warding  .     s - +0 pair of gloves
rMut   .         NoTele   +     (no barding)
MR     +....                    (no amulet)
Stlth  ..........               v - +2 ring of evasion
                                u - +2 ring of evasion

@: corroded equipment, very slow, somewhat resistant to hostile enchantments,
extremely unstealthy
A: see invisible, deformed body, poison resistance, slowness 2, slow metabolism
1, spit poison 2, constrict 1, AC +4
a: Spit Poison, Bend Time, Temporal Distortion, Slouch, Step From Time, Renounce
Religion


You were in the Dungeon.
You worshipped Cheibriados.
Cheibriados was exalted by your worship.
You were not hungry.

You visited 1 branch You collected 1796 gold pieces.

Inventory:

Hand weapons
 a - a +2 dagger
 b - a +0 blowgun
 c - a +2 rapier of venom
 t - the +2 scimitar of Tension {slice, *Rage rPois rN+}
   (You found it in the Dungeon)

   It inflicts extra damage upon your enemies.
   It protects you from poison.
   It protects you from negative energy.
   It may make you go berserk in combat.
 H - the +7 demon blade of Integrity (weapon) {freeze, rN+}
   (You found it in the Dungeon)

   It has been specially enchanted to freeze those struck by it, causing extra
   injury to most foes and up to half again as much damage against particularly
   susceptible opponents.
   It can also slow down cold-blooded creatures.
   It protects you from negative energy.
Missiles
 e - 6 poisoned needles
 f - 9 curare-tipped needles
Armour
 d - a +2 plate armour of fire resistance (worn)
 i - a +1 large shield
 s - a +0 pair of gloves (worn)
 w - a +2 ring mail
 E - a +0 helmet (worn)
 L - a +1 cloak (worn)
Jewellery
 h - an uncursed ring of fire
 u - a +2 ring of evasion (left hand)
 v - a +2 ring of evasion (right hand)
 z - an uncursed ring of protection from cold
 F - an uncursed ring of protection from fire
 G - an uncursed ring of ice
Magical devices
 r - a wand of fire (8)
Scrolls
 m - 4 scrolls of blinking
 p - 4 scrolls of remove curse
 q - 2 scrolls of amnesia
 y - 2 scrolls of identify
 A - a scroll of fear
 B - 5 scrolls of enchant weapon
 K - a scroll of fog
Potions
 j - 2 potions of haste
 k - 4 potions of magic
 l - 3 potions of berserk rage
 n - 2 potions of heal wounds
 o - 3 potions of curing
 x - a potion of agility
 I - a potion of brilliance
 J - 2 potions of might
Comestibles
 g - 13 bread rations
 C - 40 fruits
 D - 11 meat rations


   Skills:
 - Level 15.4 Fighting
 - Level 2.0(7.9) Short Blades
 * Level 11.8(11.9) Long Blades
 - Level 1.7 Throwing
 * Level 11.0 Armour
 - Level 17.6 Dodging
 - Level 5.8 Stealth
 - Level 14.7 Invocations


You had 12 spell levels left.
You didn't know any spells.

Dungeon Overview and Level Annotations

Branches:
Dungeon (1/1)

Altars:
Cheibriados
Dithmenos
Elyvilon
Fedhas
Gozag
Kikubaaqudgha
Makhleb
Nemelex Xobeh
Okawaru
Qazlal
Ru
Sif Muna
Trog
Vehumet
Xom
Yredelemnul
Zin
The Shining One
Beogh
Jiyva
Lugonu

Shops:
D :?:(


Innate Abilities, Weirdness & Mutations

You cannot wear boots.
Your serpentine skin is tough (AC +4).
You have supernaturally acute eyesight.
Armour fits poorly on your strangely shaped body.
Your system is resistant to poisons.
You cover ground very slowly.
You have a slow metabolism.
You can spit poison.
You can use your snake-like lower body to constrict enemies.


Message History

You slash the demonic crawler! You freeze the demonic crawler.
The demonic crawler is almost dead.
The demonic crawler closely misses you. The demonic crawler hits you!
* * * LOW HITPOINT WARNING * * *
The demonic crawler misses you.
Unknown command.
You barely miss the demonic crawler.
The demonic crawler is almost dead.
Unknown command.
You barely miss the demonic crawler.
The demonic crawler is almost dead.
The demonic crawler completely misses you.
The demonic crawler closely misses you. The demonic crawler hits you!
* * * LOW HITPOINT WARNING * * *
Unknown command.
You hit the demonic crawler.
The demonic crawler is almost dead.
The demonic crawler misses you. x2
The demonic crawler hits you!
You die...

▓)▓.▓)▓.▓.▓.▓.▓.▓'
▓.▓.▓)▓)▓.▓.▓.▓.▓_
▓)▓.▓)▓.▓.▓.▓.▓.▓_
▓)▓.▓)▓.▓.▓.▓.▓.▓_
▓)▓.▓)▓.▓)▓.▓'▓.▓_
▓÷▓.▓)▓.▓.▓.▓%▓.▓_
▓.▓.▓.▓.▓.▓.▓.▓.▓_
▓.▓.▓[▓.▓.▓.▓.▓.▓_
▓@▓.▓[▓.▓.▓.▓.▓.▓_
▓s▓.▓.▓.▓.▓.▓÷▓.▓_
▓p▓.▓[▓.▓'▓.▓.▓.▓_
▓s▓.▓[▓.▓)▓.▓.▓.▓_
▓.▓.▓.▓.▓)▓.▓.▓.▓_
▓.▓.▓[▓.▓)▓.▓.▓.▓_
▓.▓.▓[▓.▓)▓.▓'▓.▓_
▓.▓.▓.▓.▓)▓.▓%▓.▓_
▓.▓.▓.▓.▓.▓.▓.▓_


You could see an entropy weaver, a demonic crawler and a trapdoor spider.

Vanquished Creatures
  A stone giant (D)
  An ice dragon (D)
  A hydra (D)
  Erolcha (D)
  Erica (D)
  2 ogre magi (D)
  2 centaur warriors (D)
  A satyr (D)
  A vampire mage (D)
  7 orc high priests (D)
  Sonja (D)
  A skeletal warrior (D)
  A sea snake (D)
  A hill giant (D)
  6 orc knights (D)
  A wizard (D)
  An orc sorcerer (D)
  2 wolf spiders (D)
  A moth of wrath (D)
  4 sirens (D)
  Maurice (D)
  A water nymph (D)
  3 spiny frogs (D)
  A komodo dragon (D)
  A demonic crawler (D)
  A fire drake (D)
  A merfolk (D)
  A tarantella (D)
  A trapdoor spider (D)
  2 yaks (D)
  A wyvern (D)
  5 hippogriffs (D)
  A hungry ghost (D)
  4 wolves (D)
  A warg (D)
  A porcupine (D)
  3 hell hounds (D)
  A sky beast (D)
  2 water moccasins (D)
  11 orc warriors (D)
  A boggart (D)
  A crocodile (D)
  4 giant frogs (D)
  A centaur (D)
  A big kobold (D)
  A scorpion (D)
  A wight (D)
  4 orc wizards (D)
  4 orc priests (D)
  3 iguanas (D)
  A worker ant (D)
  A river rat (D)
  An adder skeleton (D)
  4 giant geckos (D)
  6 orcs (D)
  A bat (D)
  A bat skeleton (D)
  A goblin (D)
  A rat (D)
118 creatures vanquished.

Vanquished Creatures (others)
  A salamander stormcaller (D)
  A fire vortex (D)
2 creatures vanquished.

Grand Total: 120 creatures vanquished

Notes
Turn   | Place    | Note
--------------------------------------------------------------
     0 | D        | patman the Naga Assassin began the quest for the Orb.
     0 | D        | Reached XP level 1. HP: 19/19 MP: 1/1
    14 | D        | Reached skill level 1 in Dodging
    30 | D        | Reached XP level 2. HP: 8/26 MP: 2/2
   256 | D        | Noticed an iguana
   256 | D        | Noticed a centaur
   280 | D        | Killed an iguana
   280 | D        | Reached skill level 5 in Dodging
   280 | D        | Reached XP level 3. HP: 3/32 MP: 3/3
   280 | D        | Killed a centaur
   280 | D        | Reached skill level 7 in Dodging
   280 | D        | Reached XP level 4. HP: 3/39 MP: 4/4
   307 | D        | Found a glowing silver altar of Zin.
   307 | D        | Found a glowing golden altar of the Shining One.
   307 | D        | Found an ancient bone altar of Kikubaaqudgha.
   307 | D        | Found a basalt altar of Yredelemnul.
   307 | D        | Found a shimmering altar of Xom.
   307 | D        | Found a radiant altar of Vehumet.
   308 | D        | Found an iron altar of Okawaru.
   309 | D        | Found a burning altar of Makhleb.
   310 | D        | Found a deep blue altar of Sif Muna.
   311 | D        | Found a bloodstained altar of Trog.
   312 | D        | Found a sparkling altar of Nemelex Xobeh.
   313 | D        | Found a white marble altar of Elyvilon.
   314 | D        | Found a roughly hewn altar of Beogh.
   315 | D        | Found a viscous altar of Jiyva.
   316 | D        | Found a corrupted altar of Lugonu.
   317 | D        | Found a blossoming altar of Fedhas.
   318 | D        | Found a snail-covered altar of Cheibriados.
   319 | D        | Found a shadowy altar of Dithmenos.
   320 | D        | Found a stormy altar of Qazlal.
   321 | D        | Found an opulent altar of Gozag.
   322 | D        | Found a sacrificial altar of Ru.
   346 | D        | Became a worshipper of Cheibriados the Contemplative
   400 | D        | Got the +2 scimitar of Tension {slice, *Rage rPois rN+}
   411 | D        | Noticed a water moccasin
   411 | D        | Noticed a yak
   411 | D        | Noticed a hungry ghost
   411 | D        | Noticed an orc warrior
   411 | D        | Noticed a sky beast
   414 | D        | Noticed a trapdoor spider
   419 | D        | Killed a trapdoor spider
   419 | D        | Reached skill level 10 in Dodging
   419 | D        | Reached XP level 5. HP: 20/45 MP: 5/5
   419 | D        | Reached XP level 6. HP: 23/52 MP: 6/6
   424 | D        | Killed a water moccasin
   424 | D        | Acquired Cheibriados's first power
   424 | D        | Reached skill level 11 in Dodging
   430 | D        | Killed a yak
   430 | D        | Reached skill level 12 in Dodging
   430 | D        | Reached XP level 7. HP: 28/60 MP: 7/7
   437 | D        | Killed an orc warrior
   437 | D        | Killed a sky beast
   437 | D        | Reached skill level 13 in Dodging
   444 | D        | Killed a hungry ghost
   444 | D        | Acquired Cheibriados's second power
   444 | D        | Reached XP level 8. HP: 29/67 MP: 8/8
   616 | D        | Noticed a wyvern
   616 | D        | Noticed a scorpion
   616 | D        | Noticed a skeletal warrior
   616 | D        | Noticed a big kobold
   616 | D        | Noticed a worker ant
   616 | D        | Noticed a wight
   618 | D        | Killed a wyvern
   620 | D        | Killed a scorpion
   620 | D        | Acquired Cheibriados's third power
   630 | D        | Killed a skeletal warrior
   630 | D        | Reached skill level 14 in Dodging
   639 | D        | Killed a big kobold
   644 | D        | Killed a worker ant
   644 | D        | Acquired Cheibriados's fourth power
   644 | D        | Reached XP level 9. HP: 48/86 MP: 9/9
   646 | D        | Killed a wight
   771 | D        | Noticed Erica
   784 | D        | Killed Erica
   784 | D        | Reached skill level 15 in Dodging
   945 | D        | Noticed a hippogriff
   945 | D        | Noticed a giant frog
   945 | D        | Noticed an iguana
   945 | D        | Noticed a komodo dragon
   945 | D        | Noticed an iguana
   945 | D        | Noticed a spiny frog
   946 | D        | Noticed a water moccasin
   949 | D        | Killed a hippogriff
   950 | D        | Killed a giant frog
   950 | D        | Killed an iguana
   950 | D        | Killed an iguana
   950 | D        | Reached skill level 10 in Fighting
   950 | D        | Killed a water moccasin
   951 | D        | Noticed a yak
   953 | D        | Noticed a hippogriff
   953 | D        | Killed a komodo dragon
   958 | D        | Killed a spiny frog
   958 | D        | Reached XP level 10. HP: 92/104 MP: 4/10
   966 | D        | Killed a yak
   974 | D        | Killed a hippogriff
   974 | D        | Reached skill level 16 in Dodging
  1068 | D        | Noticed a spiny frog
  1068 | D        | Noticed a hippogriff
  1068 | D        | Noticed a porcupine
  1068 | D        | Noticed a crocodile
  1068 | D        | Noticed a hippogriff
  1069 | D        | Noticed a giant frog
  1072 | D        | Killed a spiny frog
  1081 | D        | Killed a hippogriff
  1082 | D        | Noticed a fire drake
  1084 | D        | Killed a porcupine
  1091 | D        | Noticed a spiny frog
  1096 | D        | Killed a crocodile
  1105 | D        | Killed a hippogriff
  1109 | D        | Killed a giant frog
  1116 | D        | Killed a fire drake
  1123 | D        | Killed a spiny frog
  1297 | D        | Noticed a wolf
  1297 | D        | Noticed a wolf
  1297 | D        | Noticed a hell hound
  1297 | D        | Noticed a warg
  1297 | D        | Noticed a hell hound
  1298 | D        | Noticed a wolf
  1299 | D        | Noticed a wolf
  1300 | D        | Killed a hell hound
  1300 | D        | Killed a warg
  1300 | D        | Killed a hell hound
  1300 | D        | Killed a wolf
  1300 | D        | Killed a wolf
  1300 | D        | Killed a wolf
  1302 | D        | Noticed a hell hound
  1309 | D        | Killed a wolf
  1322 | D        | Killed a hell hound
  1408 | D        | Noticed Sonja
  1410 | D        | Killed Sonja
  1410 | D        | Reached skill level 17 in Dodging
  1472 | D        | Noticed an orc wizard
  1472 | D        | Noticed an orc priest
  1472 | D        | Noticed an orc priest
  1474 | D        | Noticed an orc warrior
  1481 | D        | Killed an orc wizard
  1487 | D        | Noticed an orc priest
  1489 | D        | Noticed an orc wizard
  1489 | D        | Killed an orc warrior
  1489 | D        | Reached XP level 11. HP: 69/118 MP: 11/11
  1493 | D        | Killed an orc priest
  1497 | D        | Killed an orc priest
  1509 | D        | Killed an orc priest
  1518 | D        | Killed an orc wizard
  1748 | D        | Noticed an orc priest
  1753 | D        | Killed an orc priest
  1765 | D        | Noticed an orc warrior
  1765 | D        | Noticed an orc warrior
  1765 | D        | Noticed an orc warrior
  1765 | D        | Noticed an orc wizard
  1765 | D        | Noticed an orc warrior
  1765 | D        | Noticed an orc warrior
  1766 | D        | Noticed an orc warrior
  1769 | D        | Noticed an orc warrior
  1776 | D        | Killed an orc warrior
  1784 | D        | Killed an orc warrior
  1786 | D        | Noticed an orc sorcerer
  1788 | D        | Killed an orc warrior
  1788 | D        | Killed an orc warrior
  1788 | D        | Killed an orc warrior
  1788 | D        | Killed an orc warrior
  1788 | D        | Killed an orc wizard
  1789 | D        | Noticed an orc warrior
  1790 | D        | Noticed an orc warrior
  1792 | D        | Killed an orc warrior
  1793 | D        | Killed an orc sorcerer
  1795 | D        | Noticed an orc wizard
  1799 | D        | Killed an orc warrior
  1806 | D        | Killed an orc warrior
  1807 | D        | Killed an orc wizard
  1832 | D        | Found Dypemm's Book Emporium.
  1832 | D        | Noticed an orc knight
  1832 | D        | Noticed an orc high priest
  1832 | D        | Noticed an orc high priest
  1832 | D        | Noticed an orc high priest
  1832 | D        | Noticed an orc knight
  1833 | D        | Noticed an orc high priest
  1837 | D        | Killed an orc high priest
  1837 | D        | Killed an orc high priest
  1838 | D        | Noticed an orc knight
  1842 | D        | Killed an orc knight
  1845 | D        | Killed an orc high priest
  1846 | D        | Killed an orc high priest
  1846 | D        | Killed an orc knight
  1847 | D        | Found Socy's Magic Scroll Shoppe.
  1860 | D        | Killed an orc knight
  2040 | D        | Found Peotil's Book Emporium.
  2042 | D        | Noticed an orc high priest
  2043 | D        | Found Keqerph's Weapon Shoppe.
  2044 | D        | Noticed an orc knight
  2044 | D        | Noticed an orc high priest
  2045 | D        | Noticed a soul eater
  2046 | D        | Killed a soul eater
  2046 | D        | Killed an orc high priest
  2047 | D        | Noticed an orc high priest
  2047 | D        | Killed an orc high priest
  2047 | D        | Killed an orc knight
  2047 | D        | Reached XP level 12. HP: 129/129 MP: 10/22
  2060 | D        | Killed an orc high priest
  2215 | D        | Noticed an orc knight
  2216 | D        | Noticed an orc knight
  2229 | D        | Killed an orc knight
  2229 | D        | Reached skill level 1 in Armour
  2242 | D        | Killed an orc knight
  2242 | D        | Reached skill level 15 in Fighting
  2422 | D        | Noticed Maurice
  2434 | D        | Killed Maurice
  2472 | D        | Noticed Erolcha
  2482 | D        | Killed Erolcha
  2547 | D        | Got the +7 demon blade of Integrity {freeze, rN+}
  2655 | D        | Noticed a salamander stormcaller
  2655 | D        | Noticed a four-headed hydra
  2655 | D        | Noticed a giant frog
  2655 | D        | Noticed a centaur warrior
  2655 | D        | Noticed a centaur warrior
  2655 | D        | Noticed a giant frog
  2656 | D        | Killed a giant frog
  2656 | D        | Killed a centaur warrior
  2656 | D        | Killed a giant frog
  2656 | D        | Reached skill level 5 in Armour
  2658 | D        | Noticed a hill giant
  2659 | D        | Noticed an ogre mage
  2659 | D        | Killed a salamander stormcaller
  2660 | D        | Killed a five-headed hydra
  2662 | D        | Noticed an ice dragon
  2662 | D        | Killed a centaur warrior
  2662 | D        | Reached skill level 5 in Long Blades
  2663 | D        | Noticed a vampire mage
  2664 | D        | Killed a hill giant
  2664 | D        | Killed an ogre mage
  2665 | D        | Killed an ice dragon
  2665 | D        | Killed a vampire mage
  2666 | D        | Noticed a wizard
  2667 | D        | Noticed a boggart
  2668 | D        | Killed a wizard
  2670 | D        | Noticed a stone giant
  2672 | D        | Noticed an ogre mage
  2672 | D        | Killed a boggart
  2685 | D        | Killed a stone giant
  2689 | D        | Killed an ogre mage
  2689 | D        | Gained mutation: You can use your snake-like lower body to constrict enemies. [Naga growth]
  2689 | D        | Reached XP level 13. HP: 36/139 MP: 6/24
  3024 | D        | Noticed a siren
  3024 | D        | Noticed a siren
  3024 | D        | Noticed a satyr
  3024 | D        | Noticed a merfolk
  3024 | D        | Noticed a siren
  3024 | D        | Noticed a siren
  3025 | D        | Noticed a sea snake
  3025 | D        | Noticed a water nymph
  3027 | D        | Killed a siren
  3028 | D        | Noticed a hippogriff
  3030 | D        | Killed a siren
  3032 | D        | Killed a merfolk
  3032 | D        | Reached skill level 10 in Long Blades
  3032 | D        | Killed a siren
  3032 | D        | Killed a siren
  3032 | D        | Killed a water nymph
  3032 | D        | Killed a hippogriff
  3032 | D        | Reached skill level 10 in Armour
  3056 | D        | Killed a satyr
  3059 | D        | Killed a sea snake
  3353 | D        | Noticed a tarantella
  3353 | D        | Noticed a wolf spider
  3353 | D        | Noticed a moth of wrath
  3353 | D        | Noticed a wolf spider
  3353 | D        | Noticed a demonic crawler
  3355 | D        | Noticed a demonic crawler
  3356 | D        | Killed a tarantella
  3360 | D        | Killed a wolf spider
  3362 | D        | Noticed an entropy weaver
  3364 | D        | Noticed a trapdoor spider
  3364 | D        | Killed a moth of wrath
  3371 | D        | Killed a wolf spider
  3382 | D        | Killed a demonic crawler
  3393 | D        | Slain by a demonic crawler

Vault maps used:
D:        linesprint

Action                   |  1- 3 |  4- 6 |  7- 9 | 10-12 | 13-15 || total
-------------------------+-------+-------+-------+-------+-------++-------
Melee: Dagger            |    34 |     1 |       |       |       ||    35
       Rapier            |       |    15 |    29 |   242 |       ||   286
       Scimitar          |       |       |    24 |       |       ||    24
       Demon blade       |       |       |       |    14 |    47 ||    61
 Fire: Blowgun           |     6 |     3 |       |       |       ||     9
Invok: Slouch            |       |       |     1 |    13 |     2 ||    16
 Abil: Spit Poison       |     2 |     1 |       |       |       ||     3
Evoke: Wand              |       |       |     4 |     6 |       ||    10
  Use: Potion            |       |     4 |     1 |     5 |       ||    10
       Scroll            |       |       |       |     1 |       ||     1
 Stab: Distracted        |     1 |       |       |       |       ||     1
       Invisible         |       |     5 |       |       |       ||     5
       Sleeping          |       |       |     3 |     3 |       ||     6
  Eat: Chunk             |       |       |     4 |     3 |       ||     7
       Meat ration       |       |       |       |     1 |       ||     1
